 Dungeon Crawl Stone Soup version 0.29.1-15-g9cfb28693d (webtiles) character file.

Game seed: 17750817742771909954

21209 Artool the Fighter (level 12, 0/92 HPs)
             Began as a Demonspawn Fighter on Apr 11, 2023.
             Was an Elder of Hepliaklqana.
             Slain by a boulder beetle (13 damage)
             ... on level 4 of the Lair of Beasts.
             The game lasted 00:50:27 (13714 turns).

Artool the Fighter (Demonspawn Fighter)            Turns: 13714, Time: 00:50:28

Health: 0/92       AC: 16    Str: 27    XL:     12   Next: 52%
Magic:  12/12      EV: 19    Int:  9    God:    Hepliaklqana [****..]
Gold:   816        SH:  5    Dex: 18    Spells: 11/11 levels left

rFire   . . .      SeeInvis .   i - +10 hammer "Bufazittu" {freeze, Will+ Dex+4}
rCold   . . .      Faith    .   c - +0 buckler
rNeg    . . .      Spirit   .   O - +0 plate armour
rPois   .          Reflect  .   (no helmet)
rElec   .          Harm     .   w - +0 cloak
rCorr   .          Rampage  .   (no gloves)
Will    +....                   (no boots)
Stlth   ..........              (no amulet)
HPRegen 0.25/turn               v - +4 ring of evasion
MPRegen 0.13/turn               K - +6 ring of strength

@: mighty, agile
A: reduced essence, claws 2, repulsion field 2, powered by pain 2, spiny 2
a: Renounce Religion, Recall Ancestor, Ancestor Identity, Transference, Idealise


You were on level 4 of the Lair of Beasts.
You worshipped Hepliaklqana.
Hepliaklqana was greatly pleased with you.
You visited 3 branches of the dungeon, and saw 14 of its levels.
You also visited: Sewer.

You collected 816 gold pieces.

Inventory:

Hand Weapons
 i - the +10 hammer "Bufazittu" (weapon) {freeze, Will+ Dex+4}
   (You found it on level 3 of the Dungeon)

   It freezes those it strikes, dealing additional cold damage.
   It can also slow down cold-blooded creatures.
   Dex:       It affects your dexterity (+4).
   Will:      It increases your willpower.
 t - the +9 hand axe of the First Beggars {elec, rElec rCorr Stlth-}
   (You found it on level 3 of the Lair of Beasts)

   It occasionally discharges a powerful burst of electricity upon striking a
   foe.
   rElec:     It insulates you from electricity.
   rCorr:     It protects you from acid and corrosion.
   Stlth:     It makes you less stealthy.
Missiles
 a - 5 silver javelins (quivered)
 G - 3 poisoned darts
Armour
 c - a +0 buckler (worn)
 w - a +0 cloak (worn)
 O - a +0 plate armour (worn)
Jewellery
 m - an amulet of magic regeneration
 q - a ring of positive energy
 v - a +4 ring of evasion (left claw)
 A - a ring of willpower
 K - a +6 ring of strength (right claw)
Wands
 b - a wand of flame (28)
 C - a wand of iceblast (16)
 I - a wand of light (13)
Scrolls
 h - a scroll of torment {unknown}
 k - 3 scrolls of identify
 l - a scroll of enchant armour
 n - 6 scrolls of fear
 p - a scroll of teleportation
 x - 2 scrolls of vulnerability {unknown}
 y - 3 scrolls of immolation
 B - 4 scrolls of poison
 E - 3 scrolls of magic mapping
 F - 2 scrolls of blinking
Potions
 d - 3 potions of might
 e - 2 potions of attraction {unknown}
 f - 7 potions of curing
 g - 2 potions of haste
 j - a potion of invisibility
 o - 2 potions of ambrosia
 r - 3 potions of lignification
 s - a potion of brilliance
 u - a potion of resistance {unknown}
 D - 6 potions of flight
Miscellaneous
 z - a lightning rod (4/4)


   Skills:
 + Level 12.6 Fighting
 + Level 11.4 Maces & Flails
 + Level 11.6 Armour
 - Level 2.6 Shields


You had 11 spell levels left.
You didn't know any spells.
Your spell library contained the following spells:

 Spells                   Type           Power      Damage    Failure   Level
 Call Canine Familiar     Summ           0%         N/A       100%        3
 Conjure Flame            Conj/Fire      0%         6-21      100%        3
 Dazzling Flash           Conj/Hex       0%         N/A       100%        3
 Ignite Poison            Fire/Tmut/Pois 0%         N/A       100%        3
 Portal Projectile        Hex/Tloc       0%         N/A       100%        3
 Airstrike                Air            0%         2d(0-16)  100%        4
 Iskenderun's Mystic Bla  Conj/Tloc      0%         2d3       100%        4
 Leda's Liquefaction      Hex/Erth       0%         N/A       100%        4
 Sticky Flame             Conj/Fire      0%         2d3       100%        4
 Summon Lightning Spire   Summ/Air       0%         N/A       100%        4
 Iskenderun's Battlesphe  Conj           0%         2d6       100%        5
 Lightning Bolt           Conj/Air       0%         1d11      100%        5
 Summon Forest            Summ/Tloc      0%         N/A       100%        5
 Eringya's Noxious Bog    Tmut/Pois      0%         N/A       100%        6
 Iron Shot                Conj/Erth      0%         9d1       100%        6
 Starburst                Conj/Fire      0%         6d3       100%        6
 Spellforged Servitor     Conj/Summ      0%         N/A       100%        7
 Summon Hydra             Summ           0%         N/A       100%        7


Dungeon Overview and Level Annotations

Branches:
Dungeon (8/15)             Temple (1/1) D:6            Lair (5/5) D:8
  Swamp (0/4) Lair:2        Snake (0/4) Lair:3        Slime (0/5) Lair:4
  Sewer (visited)

Altars:
Ashenzari
Cheibriados
Dithmenos
Fedhas
Gozag
Hepliaklqana
Kikubaaqudgha
Makhleb
Nemelex Xobeh
Okawaru
Qazlal
Ru
Trog
Uskayaw
Vehumet
Wu Jian
Xom
Yredelemnul

Shops:
D:4 *

Annotations:
D:3 3 runed translucent doors, Quickbrownfox's ghost, amateur DsIE
D:4 3 runed translucent doors, Alannah's ghost, amateur GrGl; Quickbrownfox's ghost, amateur DsIE


Innate Abilities, Weirdness & Mutations

Your life essence is reduced to manifest your ancestor. (-10% HP)
You have very sharp fingernails.
You are surrounded by a moderate repulsion field. (EV +3)
You sometimes gain power by taking damage.
You are mostly covered in sharp spines.


Message History

Zosia hits the komodo dragon but does no damage.
Zosia drains the komodo dragon.
You hit the boulder beetle. You freeze the boulder beetle.
The boulder beetle is moderately wounded.
Zosia barely misses the komodo dragon. x2; The boulder beetle bites you!
* * * LOW HITPOINT WARNING * * *
You focus on the pain.
You feel very mighty all of a sudden.
You sock the boulder beetle! You freeze the boulder beetle.
The boulder beetle is heavily wounded.
Zosia hits the komodo dragon with a +0 dagger of draining.
Zosia drains the komodo dragon.
The komodo dragon hisses menacingly.
Zosia hits the komodo dragon with a +0 dagger of draining.
Zosia drains the komodo dragon.
The boulder beetle closely misses you.
You hit the boulder beetle. You freeze the boulder beetle.
The boulder beetle is severely wounded.
Zosia hits the basilisk with a +0 dagger of draining!
Zosia drains the basilisk.
The boulder beetle bites you.
* * * LOW HITPOINT WARNING * * *
Zosia points at the boulder beetle and mumbles some strange words.
The basilisk seems to slow down.
You hit the boulder beetle. You freeze the boulder beetle.
The boulder beetle is severely wounded.
Zosia gestures at the boulder beetle while chanting.
The basilisk appears confused.
The boulder beetle bites you!
* * * LOW HITPOINT WARNING * * *
You focus on the pain.
You feel agile all of a sudden.
You feel better.
Zosia hits the basilisk with a +0 dagger of draining!
The boulder beetle bites you but does no damage.
You hit the boulder beetle. You freeze the boulder beetle.
The boulder beetle is severely wounded.
Zosia hits the komodo dragon with a +0 dagger of draining!
You sock the boulder beetle! You freeze the boulder beetle.
The boulder beetle is almost dead.
Zosia points at the boulder beetle and mumbles some strange words.
The komodo dragon appears confused.
The boulder beetle bites you!
You die...

#.......##
+......#.#
#.......##
#......#.#
#.......# #......#
#......# #.@....#
##B#+### ###.ll.#
## ##....R####.#
..#####.....†....#
...............○.#
..#....#.........#
.....###...†..>..#
..P. #.........P#


You could see the friendly Zosia the hexer, a boulder beetle (drained, ally
target), a komodo dragon (confused, drained) and a basilisk (confused, slow,
drained).

Vanquished Creatures
  A boulder beetle (Lair:2)
  A hydra (Lair:5)
  8 elephants
  2 black mambas (Lair:3)
  A cane toad (Lair:1)
  6 komodo dragons
  A rime drake (Lair:3)
  A polar bear (Lair:4)
  A hornet (D:8)
  6 blink frogs
  A slime creature (Lair:4)
  A tyrant leech (Lair:2)
  23 yaks
  2 wyverns
  2 steam dragons
  A swamp worm (Lair:2)
  Menkaure (D:4)
  7 water moccasins
  3 ice beasts
  3 orc warriors
  3 black bears
  3 ogres
  6 wolves
  3 centaurs
  4 kobold brigands
  7 bullfrogs
  2 necrophages
  A scorpion (D:6)
  3 gnoll sergeants
  6 wights
  Dowan (D:4)
  4 killer bees
  3 howler monkeys (D:7)
  5 jellies
  3 hounds
  3 orc priests (D:8)
  Crazy Yiuf (D:3)
  5 iguanas
  8 orc wizards
  12 gnolls
  5 river rats (Sewer)
  12 adders
  3 white imps
  2 ufetubi (D:6)
  5 worms
  A dart slug (D:4)
  30 orcs
  15 ball pythons
  5 endoplasms
  4 giant cockroaches
  6 goblins
  2 hobgoblins
  4 jackals
  6 quokkas
  10 bats
  4 frilled lizards
  21 kobolds
  6 rats
296 creatures vanquished.

Vanquished Creatures (collateral kills)
  A hydra (Lair:3)
  Nergalle (Lair:3)
  A cane toad (Lair:2)
  A komodo dragon (Lair:4)
  A blink frog (Lair:2)
  A basilisk (Lair:3)
  8 yaks
  A wolf (Lair:3)
  A bullfrog (Lair:1)
  A wight (D:8)
  A killer bee (D:8)
  An orc priest (D:8)
  A gnoll (D:8)
  4 orcs
24 creatures vanquished.

Vanquished Creatures (others)
  A hound (D:6)
  4 ancestors
  3 hexers
  12 fungi
  27 plants
  6 withered plants (D:4)
53 creatures vanquished.

Grand Total: 373 creatures vanquished

Notes
Turn   | Place    | Note
-------+----------+-------------------------------------------
     0 | D:1      | Artool the Demonspawn Fighter began the quest for the Orb.
     0 | D:1      | Reached XP level 1. HP: 18/18 MP: 1/1
   233 | D:1      | Gained mutation: You are surrounded by a mild repulsion
                  | field. (EV +2) [demonic ancestry]
   233 | D:1      | Reached XP level 2. HP: 24/24 MP: 2/2
   863 | D:1      | Gained mutation: You are partially covered in sharp spines.
                  | [demonic ancestry]
   863 | D:1      | Reached XP level 3. HP: 13/29 MP: 3/3
  1677 | D:2      | Gained mutation: You sometimes gain a little power by
                  | taking damage. [demonic ancestry]
  1677 | D:2      | Reached XP level 4. HP: 37/37 MP: 4/4
  2280 | D:3      | Noticed a kobold brigand
  2281 | D:3      | Noticed Quickbrownfox's ghost (amateur DsIE)
  2282 | D:3      | Found a runed translucent gate.
  2282 | D:3      | Found a runed translucent gate.
  2282 | D:3      | Found a runed translucent gate.
  2327 | D:3      | Found a broken altar of Ashenzari.
  2329 | D:3      | Noticed an ogre
  2799 | D:3      | Found an opulent altar of Gozag.
  2799 | D:3      | Found a basalt altar of Yredelemnul.
  2924 | D:4      | Noticed Alannah's ghost (amateur GrGl)
  2924 | D:4      | Found a runed translucent gate.
  2924 | D:4      | Found a runed translucent gate.
  2924 | D:4      | Found a runed translucent gate.
  2925 | D:4      | Noticed Quickbrownfox's ghost (amateur DsIE)
  2997 | D:4      | Found a shimmering altar of Xom.
  3014 | D:4      | Noticed Menkaure
  3148 | D:4      | Noticed a centaur
  3340 | D:3      | Found a runed translucent door.
  3341 | D:3      | Noticed Crazy Yiuf
  3342 | D:3      | Identified the +10 hammer "Bufazittu" {freeze, Will+ Dex+4}
  3346 | D:3      | Killed Crazy Yiuf
  3347 | D:3      | Reached skill level 4 in Fighting
  3440 | D:3      | Killed an ogre
  3441 | D:3      | Reached XP level 5. HP: 43/43 MP: 5/5
  3452 | D:4      | Killed Menkaure
  3453 | D:4      | Gained mutation: You are mostly covered in sharp spines.
                  | [demonic ancestry]
  3453 | D:4      | Reached XP level 6. HP: 21/49 MP: 6/6
  3718 | D:4      | Reached skill level 5 in Fighting
  3750 | D:4      | Found Qixkeoja's Assorted Antiques.
  3927 | D:4      | Noticed Dowan
  3961 | D:4      | Killed Dowan
  4043 | D:5      | Entered Level 5 of the Dungeon
  4046 | D:5      | Reached XP level 7. HP: 52/56 MP: 7/7
  4106 | D:5      | Reached skill level 5 in Armour
  4195 | D:5      | Reached skill level 6 in Fighting
  4195 | D:5      | Reached skill level 5 in Maces & Flails
  4232 | D:5      | Gained mutation: You have sharp fingernails. [demonic
                  | ancestry]
  4232 | D:5      | Reached XP level 8. HP: 64/64 MP: 8/8
  4682 | D:6      | Found a glowing drain.
  4691 | Sewer    | Entered a sewer
  5417 | D:6      | Reached skill level 7 in Fighting
  5502 | D:6      | Found a staircase to the Ecumenical Temple.
  5511 | Temple   | Entered the Ecumenical Temple
  5523 | Temple   | Became a worshipper of Hepliaklqana the Forgotten
  6109 | D:6      | Gained mutation: You are surrounded by a moderate repulsion
                  | field. (EV +3) [demonic ancestry]
  6109 | D:6      | Reached XP level 9. HP: 59/72 MP: 9/9
  6624 | D:7      | Reached skill level 8 in Fighting
  7279 | D:7      | Found a burning altar of Makhleb.
  7361 | D:8      | Reached * piety under Hepliaklqana
  7795 | D:8      | Reached skill level 9 in Fighting
  7795 | D:8      | Gained mutation: You sometimes gain power by taking damage.
                  | [demonic ancestry]
  7795 | D:8      | Reached XP level 10. HP: 61/74 MP: 10/10
  8032 | D:8      | Found a staircase to the Lair.
  8642 | Lair:1   | Entered Level 1 of the Lair of Beasts
  9312 | Lair:1   | Reached skill level 10 in Fighting
  9849 | Lair:1   | Noticed a cane toad
  9868 | Lair:1   | Reached XP level 11. HP: 24/82 MP: 11/11
 10259 | Lair:1   | Reached ** piety under Hepliaklqana
 10260 | Lair:1   | Remembered your ancestor Zosia as a hexer
 10910 | Lair:2   | Found a staircase to the Swamp.
 11141 | Lair:2   | Found a hide-covered altar of Uskayaw.
 11141 | Lair:2   | Found an ornate altar of the Wu Jian Council.
 11141 | Lair:2   | Noticed a boulder beetle
 11151 | Lair:2   | Killed a boulder beetle
 11152 | Lair:2   | Reached skill level 10 in Armour
 11582 | Lair:1   | Reached skill level 11 in Fighting
 11722 | Lair:1   | Reached skill level 10 in Maces & Flails
 12066 | Lair:3   | Noticed Nergalle
 12074 | Lair:3   | Killed Nergalle
 12095 | Lair:3   | Reached *** piety under Hepliaklqana
 12415 | Lair:3   | Identified the +9 hand axe of the First Beggars {elec,
                  | rElec rCorr Stlth-}
 12535 | Lair:3   | Noticed a four-headed hydra
 12599 | Lair:3   | Killed a four-headed hydra
 12600 | Lair:3   | Gained mutation: You have very sharp fingernails. [demonic
                  | ancestry]
 12600 | Lair:3   | Reached XP level 12. HP: 66/91 MP: 9/12
 13046 | Lair:3   | Found a staircase to the Snake Pit.
 13066 | Lair:3   | Reached skill level 12 in Fighting
 13325 | Lair:4   | Found a staircase to the Slime Pits.
 13540 | Lair:4   | You fall into a shaft and drop 1 floor!
 13540 | Lair:5   | Entered Level 5 of the Lair of Beasts
 13540 | Lair:5   | Noticed a five-headed hydra
 13547 | Lair:5   | Killed a five-headed hydra
 13609 | Lair:4   | Noticed a boulder beetle
 13699 | Lair:4   | Reached **** piety under Hepliaklqana
 13711 | Lair:4   | HP: 1/92 [boulder beetle (12)]
 13714 | Lair:4   | Slain by a boulder beetle

Illustrated notes

Levels and vault maps discovered:
D:1:      dpeg_arrival_pits, layout_loops_cross
D:2:      layout_basic
D:3:      layout_rooms, mainiacjoe_overflow_paths,
          gammafunk_temple_overflow_wave, gammafunk_ghost_nasty_kobolds,
          chequers_serial_rivers_small_a, uniq_crazy_yiuf_cottage
D:4:      layout_gridville, kennysheep_mini, gammafunk_ghost_cemetery,
          serial_shops, nicolae_shop_overgrown_old_shop, uniq_menkaure,
          uniq_duvessa
D:5:      layout_rooms
D:6:      minmay_bubble_buster, layout_loops_cross,
          minmay_temple_entry_statues_pillars, portal_sewer_entry_d,
          hangedman_decor_riveting
D:7:      layout_loops_ring, makhleb_blood_cavern_becter
D:8:      layout_rooms, lair_entry_dummy, minmay_orc_keep
Temple:   nicolae_temple_x_marks_the_god
Lair:1:   layout_cave_pods, basic_altar, grunt_forest_small_clearings
Lair:2:   layout_regular_city, minmay_swamp_entry_worms,
          chequers_serial_rivers_micro_e, nzn_masters_of_martial_movement,
          uniq_prince_ribbit2
Lair:3:   layout_small_grid, dummy_snake_entry, infiniplex_staircase_pool_2,
          uniq_nergalle
Lair:4:   layout_roguey, minmay_slime_entry_pillars
Lair:5:   gammafunk_lair_ancient_temple, layout_regular_city

Skill      XL: |  1  2  3  4  5  6  7  8  9 10 11 12 |
---------------+-------------------------------------+-----
Maces & Flails | 2 3 4 5 6 7 9 10 11 | 11.4
Armour         | 3 4 5 6 8 9 10 11 | 11.6
Fighting       | 4 5 6 7 9 10 11 12 | 12.6
Shields        | |  2.6

Action                   |  1- 3 |  4- 6 |  7- 9 | 10-12 || total
-------------------------+-------+-------+-------+-------++-------
Melee: Flail             |    86 |    36 |       |       ||   122
       Mace              |       |    24 |   228 |   287 ||   539
       Whip              |       |     2 |       |       ||     2
Throw: Javelin           |       |       |       |     2 ||     2
Invok: Ancestor Identity |       |       |     1 |       ||     1
       Recall Ancestor   |       |       |       |     3 ||     3
       Ancestor Life: He |       |       |       |     1 ||     1
  Use: Scroll            |       |       |       |    14 ||    14
       Potion            |       |       |       |     9 ||     9
 Stab: Distracted        |       |       |       |     7 ||     7
       Confused          |       |       |       |     6 ||     6
Armor: Scale mail        |    33 |       |       |       ||    33
       Chain mail        |     5 |    19 |    69 |       ||    93
       Plate armour      |       |       |    17 |   113 ||   130
Dodge: Dodged            |    47 |    33 |   157 |   187 ||   424
Block: Buckler           |    20 |    19 |    68 |    85 ||   192
